 Dungeon Crawl Stone Soup version 0.18.1-8-gdd0e5ea (console) character file.

86 2d6 the Ruffian (level 4, -5/40 HPs)
             Began as a Ghoul Monk on May 22, 2016.
             Shot with a stone by a goblin (6 damage)
             ... on level 3 of the Dungeon.
             The game lasted 00:10:52 (2085 turns).

2d6 the Ruffian (Ghoul Monk)                        Turns: 2085, Time: 00:10:53

Health: -5/40      AC:  4    Str: 15    XL:     4   Next: 50%
Magic:  3/3        EV: 12    Int:  5    God:
Gold:   94         SH:  0    Dex: 11    Spells: 0 memorised, 3 levels left

rFire  + . .     SeeInvis .       - Unarmed
rCold  + . .     Gourm    .     l - +1 leather armour {rF+}
rNeg   + + +     Faith    .     (no shield)
rPois  ∞         Spirit   .     (no helmet)
rElec  .         Dismiss  +     (no cloak)
rCorr  .         Reflect  .     (no gloves)
SustAt .         Harm     .     (no boots)
MR     .....                    n - amulet of dismissal
Stlth  +++.......               (no ring)
                                o - ring of stealth

@: rotting, not resistant to hostile enchantments, fairly stealthy
A: rotting body, claws 1, carnivore 3, cold resistance 1, negative energy
resistance 3, slow regeneration 1, torment resistance, unbreathing
a: no special abilities


You were on level 3 of the Dungeon.
You were not hungry.

You visited 1 branch of the dungeon, and saw 3 of its levels.

You collected 94 gold pieces.

Inventory:

Missiles
 c - 48 sling bullets
 h - 71 stones (quivered)
 r - 2 needles of confusion
 t - a throwing net
Armour
 a - a +0 robe
 i - a +0 scale mail
 l - a +1 leather armour of fire resistance (worn)
Jewellery
 n - an amulet of dismissal (around neck)
 o - a ring of stealth (left claw)
Scrolls
 d - a scroll of identify
 e - a scroll of remove curse
 g - a scroll of noise
 p - a scroll of amnesia {unknown}
Potions
 q - a potion of flight
Comestibles
 b - 2 meat rations
 f - 3 slices of pizza
 k - 2 royal jellies


   Skills:
 + Level 4.2 Fighting
 + Level 1.1 Armour
 - Level 2.6 Dodging
 + Level 3.1 Stealth
 + Level 5.0 Unarmed Combat


You had 3 spell levels left.
You didn't know any spells.

Dungeon Overview and Level Annotations

Branches:
Dungeon (3/15)

Altars:
Cheibriados
Nemelex Xobeh
Sif Muna
Zin

Annotations:
D:3 volde25's ghost, weakling FeBe


Innate Abilities, Weirdness & Mutations

Your body is rotting away.
You thrive on raw meat.
You are immune to poison.
You have sharp fingernails.
You are carnivorous and can eat meat at any time.
Your flesh is cold resistant.
You are immune to negative energy.
You regenerate slowly when monsters are visible.
You are immune to unholy pain and torment.
You can survive without breathing.


Message History

Your amulet of dismissal vibrates suddenly!
The adder disappears!
Drink which item? (? for menu, Esc to quit)
It was a potion of cure mutation.
It has a very clean taste.
You barely miss the adder.
The adder is moderately wounded.
The adder bites you but does no damage.
The jackal barks!
You scratch the adder.
The adder is heavily wounded.
The adder barely misses you.
You barely miss the adder.
The adder is heavily wounded.
The adder bites you.
* * * LOW HITPOINT WARNING * * *
Your amulet of dismissal vibrates suddenly!
The adder disappears!
The goblin shoots a stone.
The stone barely misses you.
You see here a stone.
The goblin shoots a stone.
The stone hits you.
You die...

##########.)###.#
#.#...#.#
................#
#.....?.#
....#####.#.#####
####.####
##........#.# #.
..###.#
##...###....# #.
......### .....#
#..### #.###..#
#.#...#
##...###..#
#.#...# h..#.#
........).#
#.#..# ......#
...########
#.@(## #......
####
####.###.....#
##.#.##.#.##
##gh......#
#!.......#
#........#
#........#
#........#
.........#


You could see a jackal and a goblin.

Vanquished Creatures
  2 adders
  3 oozes
  2 dart slugs (D:1)
  5 giant geckos
  3 giant cockroaches
  4 goblins
  3 hobgoblins
  4 jackals
  2 ball pythons
  6 bats
  3 giant newts
  5 kobolds
  3 rats
45 creatures vanquished.

Notes
Turn   | Place    | Note
--------------------------------------------------------------
     0 | D:1      | 2d6 the Ghoul Monk began the quest for the Orb.
     0 | D:1      | Reached XP level 1. HP: 19/19 MP: 0/0
    84 | D:1      | Reached XP level 2. HP: 22/26 MP: 1/1
   344 | D:1      | Reached XP level 3. HP: 29/33 MP: 2/2
  1341 | D:2      | You fall through a shaft!
  1367 | D:3      | Found a deep blue altar of Sif Muna.
  1380 | D:2      | Reached skill level 1 in Armour
  1380 | D:2      | Reached skill level 5 in Unarmed Combat
  1380 | D:2      | Reached XP level 4. HP: 39/40 MP: 3/3
  1854 | D:3      | Found a snail-covered altar of Cheibriados.
  1862 | D:3      | Found a sparkling altar of Nemelex Xobeh.
  1876 | D:3      | Found a glowing silver altar of Zin.
  2042 | D:3      | Noticed volde25's ghost (weakling FeBe)
  2079 | D:3      | HP: 2/40 [adder (1)]
  2085 | D:3      | Shot with a stone by a goblin

Skill      XL: |  1  2  3  4 |
---------------+-------------+-----
Fighting       | 4 |  4.2
Armour         | 1 |  1.1
Unarmed Combat | 5 |  5.0
Stealth        | 3 |  3.1
Dodging        | |  2.6

Action                   |  1- 3 |  4- 6 || total
-------------------------+-------+-------++-------
Melee: Unarmed           |    84 |    48 ||   132
       Punch             |     1 |       ||     1
  Use: Scroll            |       |     5 ||     5
       Potion            |       |     1 ||     1
 Stab: Sleeping          |     9 |     6 ||    15
  Eat: Chunk             |    14 |    12 ||    26
Armor: Robe              |    12 |       ||    12
       Leather armour    |     5 |     8 ||    13
       Scale mail        |     2 |       ||     2
Dodge: Dodged            |    56 |    41 ||    97

Vault maps used:
D:1:      dpeg_arrival_tiny_f, minmay_misc_feat_columns, minivault_26
D:3:      grunt_temple_overflow_cloverleaf
